 Dungeon Crawl Stone Soup version 0.17.2 (webtiles) character file.

46 ololoev the Cudgeler (level 3, -5/29 HPs)
             Began as a Mummy Chaos Knight on June 30, 2016.
             Slain by a worm (6 damage)
             ... on level 2 of the Dungeon.
             The game lasted 00:01:33 (762 turns).

ololoev the Cudgeler (Mummy Chaos Knight)            Turns: 762, Time: 00:01:33

Health: -5/29      AC:  6    Str: 16    XL:     3   Next: 44%
Magic:  3/3        EV: 11    Int: 11    God:    Xom [..*...]
Gold:   97         SH:  0    Dex: 11    Spells: 0 memorised, 2 levels left

rFire  x . .     SeeInvis .     a - +0 mace (chaos)
rCold  + . .     Clarity  .     b - +2 leather armour
rNeg   + + +     SustAt   .     (no shield)
rPois  ∞         Gourm    .     h - +0 helmet
rElec  .         Spirit   .     (no cloak)
rCorr  .         Warding  .     (no gloves)
rMut   .         Stasis   .     (no boots)
MR     .....                    (no amulet)
Stlth  +.........               (no ring)
                                (no ring)

@: not resistant to hostile enchantments, very unstealthy
A: no food or potions, fire vulnerability, cold resistance 1, negative energy
resistance 3, torment resistance, unbreathing
a: Renounce Religion


Innate Abilities, Weirdness & Mutations

You do not eat or drink.
Your flesh is vulnerable to fire.
You are immune to poison.
Your flesh is cold resistant.
You are immune to negative energy.
You are immune to unholy pain and torment.
You can survive without breathing.

Inventory:

Hand Weapons
 a - a +0 mace of chaos (weapon)
Missiles
 e - 2 javelins (quivered)
Armour
 b - a +2 leather armour (worn)
 h - a +0 helmet (worn)
Jewellery
 d - an uncursed ring of teleportation
Scrolls
 c - a scroll of identify
 g - a scroll of enchant armour
 i - a scroll of fog


   Skills:
 - Level 3.0 Fighting
 * Level 3.3 Maces & Flails
 + Level 0.1 Throwing
 + Level 2.1 Armour
 - Level 0.7 Dodging


You had 2 spell levels left.
You didn't know any spells.


You were on level 2 of the Dungeon.
You worshipped Xom.
You were a toy of Xom.
You were not hungry.

You visited 1 branch of the dungeon, and saw 2 of its levels.

You collected 97 gold pieces.

, ,,,, *#. #. **,
,.. #. * *,,, ,.#
#. .# *, ,,.. #.
.# , , , # #. #.#
, , , #.#. ..# ,
, #.##.#b###..# *
, #...b.{@.b..#
#.##.......##
#######.....#####
#.......b........
#.#####..........
#................
#................
#................
#######
#................

Notes
Turn   | Place    | Note
--------------------------------------------------------------
     0 | D:1      | ololoev the Mummy Chaos Knight began the quest for the Orb.
     0 | D:1      | Reached XP level 1. HP: 18/18 MP: 1/1
     2 | D:1      | Noticed a spriggan
     2 | D:1      | Noticed a minotaur
     4 | D:1      | Noticed a demonspawn
     4 | D:1      | Noticed a draconian
     6 | D:1      | Noticed an octopode
     6 | D:1      | Noticed a naga
     8 | D:1      | Noticed a vampire
    10 | D:1      | Noticed a troll
    10 | D:1      | Noticed a tengu
    12 | D:1      | Noticed a dwarf
    14 | D:1      | Noticed a formicid
    14 | D:1      | Noticed a felid
    16 | D:1      | Noticed a vine stalker
    20 | D:1      | Noticed a ghoul
    20 | D:1      | Noticed a merfolk
    22 | D:1      | Noticed an elf
    22 | D:1      | Noticed a centaur
    24 | D:1      | Noticed an ogre
    24 | D:1      | Noticed a human
    26 | D:1      | Noticed a demigod
    26 | D:1      | Noticed a gargoyle
    47 | D:1      | XOM: silly message
    61 | D:1      | XOM: potion effect (agility)
    85 | D:1      | Reached XP level 2. HP: 18/24 MP: 2/2
   231 | D:1      | XOM: divination: detect creatures
   651 | D:2      | Reached XP level 3. HP: 24/29 MP: 3/3
   700 | D:2      | XOM: divination: magic mapping
   714 | D:2      | Found a stormy altar of Qazlal.
   760 | D:2      | HP: 1/29 [worm (11)]
   760 | D:2      | XOM: butterfly on damage
   762 | D:2      | Slain by a worm

Dungeon Overview and Level Annotations

Branches:
Dungeon (2/15)

Altars:
Qazlal


Message History

The worm misses you.
You barely miss the worm.
The worm is heavily wounded.
The worm bites you!
Ouch! That really hurt!
The worm bites you but does no damage.
You are too injured to fight recklessly!
You are too injured to fight recklessly!
You are too injured to fight recklessly!
You are too injured to fight recklessly!
You are too injured to fight recklessly!
You are too injured to fight recklessly!
You are too injured to fight recklessly!
You are too injured to fight recklessly!
You are too injured to fight recklessly!
You are too injured to fight recklessly!
You are too injured to fight recklessly!
You are too injured to fight recklessly!
You are too injured to fight recklessly!
You are too injured to fight recklessly!
You are too injured to fight recklessly!
You are too injured to fight recklessly!
You are too injured to fight recklessly!
You are too injured to fight recklessly!
You are too injured to fight recklessly!
You sock the worm!
The worm is severely wounded.
The worm completely misses you.
You completely miss the worm.
The worm is severely wounded.
The worm barely misses you.
You barely miss the worm.
The worm is heavily wounded.
The worm bites you!
A shower of butterflies erupts from you!
You hit the worm.
The worm flickers and vanishes!
Deactivating autopickup; reactivate with Ctrl-A.
Something bites you but does no damage.
You hit something but do no damage. Something bites you.
You die...

There were no monsters in sight!

Vanquished Creatures
  2 adders (D:2)
  2 bats
  4 goblins (D:1)
  5 hobgoblins
  4 jackals (D:1)
  4 kobolds (D:1)
  A giant cockroach (D:1)
  2 giant newts
  A quokka (D:2)
  A rat (D:1)
26 creatures vanquished.

Action                   || total
-------------------------++-------
Melee: Mace              ||    80
  Use: Scroll            ||     5
 Stab: Paralysed         ||     1

Vault maps used:
D:1:      kb_arrival_jail
D:2:      nicolae_overflow_crystal_walls, overflow_temple_1_default,
          grunt_dithmenos_smoke_and_mirrors
